 Dungeon Crawl Stone Soup version 0.27-a0-1144-g0b7d3b79db (webtiles) character file.

Game seed: 8115462841686207069

44 gruber the Digger (level 3, -3/19 HPs)
             Began as a Deep Elf Earth Elementalist on May 10, 2021.
             Slain by Sigmund
             ... wielding a +0 scythe
              (5 damage)
             ... on level 2 of the Dungeon.
             The game lasted 00:01:05 (1561 turns).

gruber the Digger (Deep Elf Earth Elementalist)     Turns: 1561, Time: 00:01:05

Health: -3/19      AC:  2    Str:  5    XL:     3   Next: 41%
Magic:  9/10       EV: 12    Int: 20    God:
Gold:   53         SH:  0    Dex: 15    Spells: 9/10 levels left

rFire    . . .     SeeInvis .   g - +2 spear (venom)
rCold    . . .     Faith    .   (no shield)
rNeg     . . .     Spirit   .   c - +0 robe
rPois    .         Reflect  .   (no helmet)
rElec    .         Harm     .   (no cloak)
rCorr    .         Rampage  .   (no gloves)
Will     .....                  (no boots)
Stlth    +.........             (no amulet)
HPRegen  0.06/turn              (no ring)
MPRegen  0.12/turn              (no ring)

@: confused, mighty
A: no striking features
a: no special abilities


You were on level 2 of the Dungeon.
You visited 1 branch of the dungeon, and saw 2 of its levels.

You collected 53 gold pieces.

Inventory:

Hand Weapons
 g - a +2 spear of venom (weapon)
Missiles
 b - 41 stones
Armour
 c - a +0 robe (worn)
Scrolls
 d - a scroll of immolation {unknown}
 e - a scroll of teleportation {unknown}
 f - a scroll of torment {unknown}
 h - a scroll of fog {unknown}
 l - a scroll of identify {unknown}
Potions
 a - a potion of haste {unknown}
 i - a potion of berserk rage {unknown}
 j - a potion of might
 k - a potion of attraction {unknown}


   Skills:
 - Level 2.4 Dodging
 - Level 2.4 Stealth
 + Level 4.0 Spellcasting
 - Level 1.1 Transmutations
 + Level 4.4 Earth Magic


You had 9 spell levels left.
You knew the following spells:

 Your Spells              Type           Power      Damage    Failure   Level
a - Sandblast             Erth           42%        2d11      1%          1

Your spell library contained the following spells:

 Spells                   Type           Power      Damage    Failure   Level
 Passwall                 Tmut/Erth      12%        N/A       6%          2
 Stone Arrow              Conj/Erth      24%        3d8       16%         3
 Petrify                  Tmut/Erth      15%        N/A       38%         4
 Lee's Rapid Deconstruct  Erth           10%        3d9*      50%         5


Dungeon Overview and Level Annotations

Branches:
Dungeon (2/15)

Altars:

Annotations:
D:2 Sigmund


Message History

No target in view!
Sigmund the Dreaded comes into view.
He is wielding a +0 scythe.
You see here 14 gold pieces.
Sigmund is nearby!
Sigmund is nearby!
You reach to attack!
The helpless Sigmund fails to defend himself.
You hit Sigmund.
Sigmund is lightly wounded.
Sigmund gestures at you while chanting. The puff of flame hits you!
The blast of sand hits Sigmund!
Sigmund is heavily wounded.
Sigmund misses you.
The blast of sand hits Sigmund!
Sigmund is almost dead.
Sigmund points at you and mumbles some strange words.
You are confused.
You're too confused to cast spells.
Unknown command.
You're too confused to aim your attacks!
You bump into the rock wall.
Sigmund laughs darkly.
Sigmund casts a spell at himself.
Sigmund flickers and vanishes!
Deactivating autopickup; reactivate with Ctrl-A.
You're too confused to move!
Something hits you. Something hits you!
* * * LOW HITPOINT WARNING * * *
You completely miss something.
You hear some strange, mumbled words.
You are more confused.
You completely miss something. Something hits you.
* * * LOW HITPOINT WARNING * * *
You hear some strange, mumbled words.
You are more confused.
It was a potion of might.
You feel very mighty all of a sudden. Something hits you.
You die...

##### #...# #...#
########...#
#.{.@......# ##.
#.######$..###..... ..
#.......# ..#
##...###.# .# ####....#
..##########....#.....#
.............####.#####
..###.##..........#
...#.##.##########


There were no monsters in sight!

Vanquished Creatures
  A gnoll (D:1)
  An adder (D:2)
  3 ball pythons (D:1)
  2 endoplasms
  2 giant cockroaches
  2 goblins (D:1)
  3 hobgoblins
  4 jackals
  A quokka (D:1)
  A bat (D:1)
  2 frilled lizards (D:1)
  A kobold (D:1)
23 creatures vanquished.

Notes
Turn   | Place    | Note
-------+----------+-------------------------------------------
     0 | D:1      | gruber the Deep Elf Earth Elementalist began the quest for
                  | the Orb.
     0 | D:1      | Reached XP level 1. HP: 10/10 MP: 6/6
   229 | D:1      | Reached XP level 2. HP: 14/15 MP: 6/8
   699 | D:1      | Found a faded altar of an unknown god.
   945 | D:1      | Reached XP level 3. HP: 19/19 MP: 10/10
  1546 | D:2      | Noticed Sigmund
  1561 | D:2      | Slain by Sigmund

Illustrated notes

Levels and vault maps discovered:
D:1:      lightli_arrival_boilingwater, layout_basic,
          chequers_ecumenical_altar_lobes, kennysheep_decorative_pillar
D:2:      layout_rooms, uniq_sigmund

Skill      XL: |  1  2  3 |
---------------+----------+-----
Earth Magic    | 4 |  4.4
Spellcasting   | 4 |  4.0
Dodging        | |  2.4
Stealth        | |  2.4
Transmutations | |  1.1

Action                   || total
-------------------------++-------
Melee: Unarmed           ||     2
       Spear             ||    34
 Cast: Sandblast         ||    24
  Use: Potion            ||     1
 Stab: Sleeping          ||     6
Armor: Robe              ||     6
Dodge: Dodged            ||    24

Table legend: (Time is in decaauts)
 A = Elapsed time spent in this place.
 B = Non-inter-level travel time spent in this place.
 C = Inter-level travel time spent in this place.
 D = Time resting spent in this place.
 E = Time spent auto-exploring this place.
 F = Levels seen in this place.
 G = Mean time per level.
                   A        B        C        D        E       F      G
               +--------+--------+--------+--------+--------+-----+--------+
         Total |   1565 |   1527 |     38 |      0 |   1360 |   2 |  782.5 |
       Dungeon |   1565 |   1527 |     38 |      0 |   1360 |   2 |  782.5 |
               +--------+--------+--------+--------+--------+-----+--------+

Top non-repeatable levels by time:
     D:1: 1208 daAuts
     D:2: 357 daAuts
